 Dungeon Crawl Stone Soup version 0.27.1-3-gb3d3a73c9e (webtiles) character file.

Game seed: 8929237151893163166

17602 ABBCCCDDDD the Covert (level 12, 0/81 HPs)
             Began as an Octopode Hedge Wizard on Oct 19, 2021.
             Was an Initiate of Gozag.
             Hit by a large rock thrown by a stone giant (32 damage)
             ... on level 2 of the Orcish Mines.
             The game lasted 00:42:06 (23485 turns).

ABBCCCDDDD the Covert (Octopode Hedge Wizard)      Turns: 23485, Time: 00:42:06

Health: 0/81       AC:  5    Str:  9    XL:     12   Next: 49%
Magic:  17/22      EV: 17    Int: 21    God:    Gozag
Gold:   1383       SH:  0    Dex: 12    Spells: 7/24 levels left

rFire    . . .     SeeInvis .   E - +2 dagger (venom)
rCold    . . .     Faith    .   (no shield)
rNeg     . . .     Spirit   .   b - +0 hat
rPois    +         Reflect  .   n - amulet of magic regeneration
rElec    .         Harm     .   g - ring of poison resistance
rCorr    .         Rampage  .   y - +4 ring of protection
Will     .....                  l - +4 ring of evasion
Stlth    +++++.....             (no ring)
HPRegen  0.23/turn              (no ring)
MPRegen  0.43/turn              (no ring)
                                (no ring)
                                (no ring)

@: no status effects
A: almost no armour, amphibious, 8 rings, camouflage 1, gelatinous body 1,
(nimble swimmer 1), tentacles
a: Renounce Religion, Potion Petition, Call Merchant, Bribe Branch


You were on level 2 of the Orcish Mines.
You worshipped Gozag.
Gozag was most pleased with you.
You visited 4 branches of the dungeon, and saw 15 of its levels.
You also visited: Sewer.

You collected 2136 gold pieces.
You paid 753 gold pieces to Gozag.

Inventory:

Hand Weapons
 e - a +1 short sword of electrocution
 D - a +0 trident of venom
 E - a +2 dagger of venom (weapon)
Missiles
 i - 8 poisoned darts (quivered)
 s - 6 throwing nets
Armour
 b - a +0 hat (worn)
Jewellery
 g - a ring of poison resistance (left tentacle)
 l - a +4 ring of evasion (on tentacle)
 n - an amulet of magic regeneration (around mantle)
 y - a +4 ring of protection (right tentacle)
Wands
 q - a wand of polymorph (11)
 x - a wand of acid (1)
 z - a wand of digging (5)
 A - a wand of iceblast (5)
Scrolls
 f - a scroll of torment
 h - 3 scrolls of noise
 o - 2 scrolls of amnesia
 t - 3 scrolls of teleportation
 C - a scroll of magic mapping
Potions
 c - a potion of haste
 d - a potion of ambrosia
 j - a potion of curing
 k - 5 potions of flight
 p - 2 potions of lignification {unknown}
 r - 2 potions of might
 u - a potion of cancellation {unknown}
 v - a potion of magic {unknown}
 w - 3 potions of attraction {unknown}
 B - 2 potions of mutation {unknown}


   Skills:
 - Level 7.3 Fighting
 - Level 2.0 Dodging
 - Level 8.0 Stealth
 + Level 6.8 Spellcasting
 + Level 6.7 Conjurations
 - Level 1.0 Summonings
 - Level 2.0 Translocations
 - Level 8.0 Fire Magic
 - Level 7.0 Ice Magic
 - Level 2.0 Air Magic
 + Level 6.7 Earth Magic
 - Level 5.0 Poison Magic
 - Level 7.9 Evocations


You had 7 spell levels left.
You knew the following spells:

 Your Spells              Type           Power      Damage    Failure   Level
a - Magic Dart            Conj           100%       1d8       1%          1
b - Blink                 Tloc           N/A        N/A       6%          2
c - Ozocubu's Armour      Ice            36%        N/A       1%          3
d - Mephitic Cloud        Conj/Pois/Air  26%        N/A       4%          3
e - Ignite Poison         Fire/Tmut/Pois 25%        N/A       4%          3
f - Bolt of Magma         Conj/Fire/Erth 18%        4d10      13%         5

Your spell library contained the following spells:

 Spells                   Type           Power      Damage    Failure   Level
 Conjure Flame            Conj/Fire      38%        6-21      1%          3
 Apportation              Tloc           30%        N/A       4%          1
 Beastly Appendage        Tmut           14%        N/A       9%          1
 Call Imp                 Summ           11%        N/A       9%          2
 Spider Form              Tmut/Pois      8%         N/A       10%         3
 Slow                     Hex            7%         N/A       14%         2
 Wereblood                Tmut           7%         N/A       14%         2
 Confusing Touch          Hex            7%         N/A       26%         3
 Vampiric Draining        Necr           3%         2d6       26%         3
 Metabolic Englaciation   Hex/Ice        10%        N/A       52%         5
 Simulacrum               Ice/Necr       10%        N/A       97%         6


Dungeon Overview and Level Annotations

Branches:
Dungeon (10/15)            Temple (1/1) D:7            Lair (2/6) D:8
 Spider (0/4) Lair:2          Orc (2/2) D:9             Elf (0/3) Orc:2
  Sewer (visited)
  Swamp: Lair:2-4    Shoals: Lair:2-4

Altars:
Ashenzari
Cheibriados
Dithmenos
Elyvilon
Fedhas
Gozag
Hepliaklqana
Kikubaaqudgha
Makhleb
Nemelex Xobeh
Okawaru
Qazlal
Ru
Sif Muna
Trog
Uskayaw
Vehumet
Wu Jian
Xom
Yredelemnul
Zin
The Shining One

Shops:
D:1 [   D:8 *   Orc:2 ([   Lair:1 :

Annotations:
D:9 exclusion: downstairs
Lair:2 3 runed translucent doors, exclusion: komodo dragon


Innate Abilities, Weirdness & Mutations

You cannot wear most types of armour.
You are amphibious.
You can wear up to eight rings at the same time.
Your skin changes colour to match your surroundings (Stealth+).
Your rubbery body absorbs attacks. (AC +1, EV +1)
((You are camouflaged near water. (Stealth+)))
You have tentacles for arms and can constrict up to eight enemies at once.


Message History

Press: ? - help, Q - select action, (/) - cycle Shift-Dir - straight line, f/p - stone giant
Aim: a stone giant, quivering large rocks (poisoned, 90% to hit)
You throw a poisoned dart. The poisoned dart hits the stone giant.
The stone giant throws a large rock.
The large rock hits you!!
Casting: Ignite Poison (dangerous; 4% risk of failure)
Confirm with . or Enter, or press ? or * to list all spells.
You can't see any susceptible monsters within range! (Use Z to cast anyway.) Unknown command.
Throw: 9 darts (poison)
Press: ? - help, Q - select action, (/) - cycle Shift-Dir - straight line, f/p - stone giant
Aim: a stone giant, quivering large rocks (lightly wounded, poisoned, 90% to hit)
You throw a poisoned dart. The poisoned dart hits the stone giant.
The stone giant looks even sicker.
The stone giant is lightly wounded.
Casting: Ignite Poison (dangerous; 4% risk of failure)
Confirm with . or Enter, or press ? or * to list all spells.
Aiming: Mephitic Cloud (mildly dangerous; 4% risk of failure)
Press: ? - help, Shift-Dir - straight line, p - stone giant The ball explodes into a vile cloud!
The stinking cloud engulfs the stone giant but does no damage.
The stone giant is lightly wounded.
The stone giant throws a large rock.
The large rock hits you!!
* * * LOW HITPOINT WARNING * * *
Casting: Mephitic Cloud (mildly dangerous; 4% risk of failure)
Confirm with . or Enter, or press ? or * to list all spells.
You ignite the poison in your surroundings!
The stone giant seems to burn from within!!
The stone giant is moderately wounded.
Unknown command.
Okay, then.
You feel much better.
The stone giant throws a large rock.
The large rock hits you!
Aiming: Iceblast
Press: ? - help, Shift-Dir - straight line, f - stone giant
Aim: a stone giant, quivering large rocks (moderately wounded)
The mass of ice explodes!
The iceblast engulfs the stone giant!!
The stone giant is heavily wounded.
The stone giant throws a large rock.
The large rock hits you!!
You die...
Your body crumbles into a pile of gold.

##............#.#.
#.......(........#
##......(..#..#.## ##
####.(((......... # ##.## ###
###$(............ .#
#...#####.###..$..........#.. #.#
#..............○○☼.......#...
...##............$.#☼☼#..#...##..
....#.......)#..@.<☼○.((......# .
...........)###.....C.##........
#..........## ###.#..##...#.#.#.#
............# ###...##.#...#...
...........## ##.######.###.#
.........### ### ## .
..........## # ...........# #
#.........## .


You could see a stone giant.

Levels and vault maps discovered:
D:1:      nagdon_arrival_double_spiral, layout_rooms, serial_shops, shop,
          shapermc_ecumenical_altar_rom_forum
D:2:      wander_river, layout_loops_corners, basic_altar
D:3:      layout_rooms, xom_redecorated, mainiacjoe_overflow_catwalk,
          mainiacjoe_overflow_paths
D:4:      layout_loops_ring, cheibrodos_sewer_entry_bend,
          chequers_serial_rivers_room_a
D:5:      layout_loops_corners, mainiacjoe_overflow_alcove_2,
          chequers_temple_overflow_minitemple
D:6:      layout_loops_ring, minivault_11, minmay_misc_feat_iff
D:7:      layout_basic, minmay_temple_entry_statues_fountains,
          kennysheep_doodads
D:8:      layout_basic, erik_lair_dragon, serial_shops, shop,
          serial_bayou_lagoon_a
D:9:      layout_cave_pools, orc_0_dummy, serial_gnoll_camp,
          gnoll_camp_mini_hut, gnoll_camp_mini_house, gnoll_camp_mini_house,
          gnoll_camp_mini_hut, gnoll_camp_mini_loothouse, uniq_pikel
D:10:     minmay_distorted_concentric_squares, layout_stronghold, jiyva_altar_1
Temple:   dpeg_chambers_temple
Lair:1:   layout_chaotic_city, serial_rivers, chequers_serial_rivers_micro_b,
          chequers_serial_rivers_room_b, chequers_serial_rivers_micro_b,
          chequers_serial_rivers_room_b, chequers_serial_rivers_micro_b,
          nicolae_quartered_pool_medium
Lair:2:   layout_long_grid, spider_nest_entry_webs, gammafunk_ghost_necromancy,
          minivault_19, hangedman_lair_unloving_vines
Orc:1:    layout_caves
Orc:2:    grunt_orc_gardens, layout_caves, grunt_orc_garden, grunt_orc_garden,
          grunt_orc_garden, grunt_orc_garden

Notes
Turn   | Place    | Note
-------+----------+-------------------------------------------
     0 | D:1      | ABBCCCDDDD the Octopode Hedge Wizard began the quest for
                  | the Orb.
     0 | D:1      | Reached XP level 1. HP: 11/11 MP: 4/4
    71 | D:1      | Found Buumar's Antique Armour Shop.
   545 | D:1      | Reached XP level 2. HP: 18/18 MP: 3/6
   719 | D:1      | Reached skill level 1 in Fighting
   955 | D:1      | Found a faded altar of an unknown god.
   960 | D:1      | Got Plato's Reference Book on the Compass
  1149 | D:2      | Reached XP level 3. HP: 23/23 MP: 4/7
  1520 | D:2      | Learned a level 2 spell: Blink
  1524 | D:2      | Learned a level 3 spell: Ozocubu's Armour
  1952 | D:2      | Found a sparkling altar of Nemelex Xobeh.
  2612 | D:3      | Reached XP level 4. HP: 27/28 MP: 2/8
  2718 | D:3      | Found a white marble altar of Elyvilon.
  2914 | D:3      | Noticed an ogre
  2924 | D:3      | Learned a level 3 spell: Mephitic Cloud
  2961 | D:3      | Found a shimmering altar of Xom.
  3227 | D:4      | Noticed an orc warrior
  3657 | D:4      | Reached skill level 1 in Ice Magic
  3678 | D:4      | Found a glowing drain.
  3692 | Sewer    | Entered a sewer
  3695 | Sewer    | Reached XP level 5. HP: 23/34 MP: 9/9
  3967 | Sewer    | Noticed a kobold brigand
  4213 | Sewer    | Killed a kobold brigand
  4214 | Sewer    | Reached skill level 1 in Air Magic
  4214 | Sewer    | Reached skill level 1 in Poison Magic
  4470 | Sewer    | Found a white marble altar of Elyvilon.
  4551 | D:4      | Noticed a black bear
  4625 | D:3      | Found a blossoming altar of Fedhas.
  4923 | D:3      | Killed an ogre
  4924 | D:3      | Reached XP level 6. HP: 41/41 MP: 6/10
  5049 | D:5      | Entered Level 5 of the Dungeon
  5180 | D:5      | Reached skill level 5 in Stealth
  5180 | D:5      | Reached XP level 7. HP: 43/45 MP: 9/11
  5724 | D:5      | Found a glowing golden altar of the Shining One.
  5784 | D:5      | You fall into a shaft and drop 1 floor!
  6240 | D:6      | Reached XP level 8. HP: 24/54 MP: 12/12
  7289 | D:5      | Noticed a hornet
  7300 | D:5      | Killed a hornet
  7301 | D:5      | Reached skill level 1 in Evocations
  7731 | D:5      | Found a glowing silver altar of Zin.
  7731 | D:5      | Found a stormy altar of Qazlal.
  7740 | D:5      | Found a sparkling altar of Nemelex Xobeh.
  7742 | D:5      | Found a radiant altar of Vehumet.
  7744 | D:5      | Found a faded altar of an unknown god.
  8184 | D:6      | Reached skill level 5 in Poison Magic
  8348 | D:6      | Reached XP level 9. HP: 30/60 MP: 10/13
  8824 | D:6      | Reached skill level 5 in Fighting
  9608 | D:7      | Reached skill level 5 in Ice Magic
  9996 | D:7      | Found a staircase to the Ecumenical Temple.
 10061 | Temple   | Entered the Ecumenical Temple
 10294 | Temple   | Became a worshipper of Gozag Ym Sagoz the Greedy
 11174 | D:8      | Reached skill level 5 in Evocations
 11444 | D:8      | Found Jeigits's General Store.
 12103 | D:9      | Noticed Pikel
 12128 | D:8      | Killed Pikel
 12129 | D:8      | Reached XP level 10. HP: 41/71 MP: 11/15
 12723 | D:10     | Entered Level 10 of the Dungeon
 14051 | D:8      | Reached skill level 5 in Spellcasting
 14461 | D:8      | Found a staircase to the Lair.
 15757 | D:9      | Found a staircase to the Orcish Mines.
 16154 | D:9      | Noticed a two-headed ogre
 16500 | D:10     | Learned a level 3 spell: Ignite Poison
 16506 | D:10     | Learned a level 5 spell: Bolt of Magma
 16604 | D:9      | Killed a two-headed ogre
 16605 | D:9      | Reached skill level 1 in Fire Magic
 16605 | D:9      | Reached skill level 1 in Earth Magic
 17083 | Lair:1   | Entered Level 1 of the Lair of Beasts
 17280 | Lair:1   | Reached XP level 11. HP: 71/75 MP: 14/18
 17417 | Lair:1   | Reached skill level 5 in Conjurations
 18504 | Lair:1   | Noticed an eight-headed hydra
 18676 | Lair:2   | Found a runed translucent gate.
 18676 | Lair:2   | Found a runed translucent gate.
 18676 | Lair:2   | Found a runed translucent gate.
 19420 | Lair:2   | Found a hole to the Spider Nest.
 19949 | Lair:2   | Reached skill level 5 in Fire Magic
 19949 | Lair:2   | Reached skill level 5 in Earth Magic
 20655 | D:10     | Noticed a cyclops
 20655 | D:10     | Noticed a green ugly thing
 20675 | Orc:1    | Entered Level 1 of the Orcish Mines
 21669 | Orc:2    | Entered Level 2 of the Orcish Mines
 22099 | Orc:2    | Noticed a cyclops
 22100 | Orc:2    | Found Maqaec's Antique Armour Boutique.
 22110 | Orc:2    | Noticed a cyclops
 22119 | Orc:2    | Killed a cyclops
 22123 | Orc:2    | Noticed an ettin
 22168 | Orc:2    | Killed an ettin
 22199 | Orc:2    | Killed a cyclops
 22200 | Orc:2    | Reached XP level 12. HP: 45/81 MP: 6/19
 22435 | Orc:2    | Noticed an ettin
 22537 | Orc:2    | Killed an ettin
 22847 | Orc:2    | Found Tylo's Antique Weapon Emporium.
 22892 | Orc:2    | Found a staircase to the Elven Halls.
 22989 | Orc:2    | Noticed an ettin
 23031 | Orc:2    | Killed an ettin
 23477 | Orc:2    | Noticed a stone giant
 23485 | Orc:2    | Hit by a large rock thrown by a stone giant

Table legend: (Time is in decaauts)
 A = Elapsed time spent in this place.
 B = Non-inter-level travel time spent in this place.
 C = Inter-level travel time spent in this place.
 D = Time resting spent in this place.
 E = Time spent auto-exploring this place.
 F = Levels seen in this place.
 G = Mean time per level.
                   A        B        C        D        E       F      G
               +--------+--------+--------+--------+--------+-----+--------+
         Total |  23534 |  22735 |    799 |  12098 |   6611 |  16 | 1470.9 |
       Dungeon |  17098 |  16395 |    703 |   8406 |   5312 |  10 | 1709.8 |
        Temple |    260 |    215 |     45 |      0 |    201 |   1 |  260.0 |
          Lair |   3243 |   3204 |     39 |   2017 |    579 |   2 | 1621.5 |
  Orcish Mines |   2119 |   2108 |     11 |   1117 |    403 |   2 | 1059.5 |
         Sewer |    811 |    811 |      0 |    558 |    116 |   1 |  811.0 |
               +--------+--------+--------+--------+--------+-----+--------+

Top non-repeatable levels by time:
     D:8: 3948 daAuts
     D:9: 2783 daAuts
     D:5: 2244 daAuts
     D:3: 1879 daAuts
     D:6: 1839 daAuts
     D:7: 1722 daAuts
  Lair:1: 1717 daAuts
   Orc:2: 1532 daAuts
  Lair:2: 1525 daAuts
     D:2: 1109 daAuts
     D:1: 1024 daAuts
   Sewer: 811 daAuts
   Orc:1: 586 daAuts
     D:4: 334 daAuts
  Temple: 260 daAuts

Table legend:
 A = Kills in this place as a percentage of kills in entire the game.
 B = Kills by you in this place as a percentage of kills by you in the entire game.
 C = Kills by friends in this place as a percentage of kills by friends in the entire game.
 D = Other kills in this place as a percentage of other kills in the entire game.
 E = Experience gained in this place as a percentage of experience gained in the entire game.
 F = Experience gained in this place divided by the number of levels of this place that you have seen.
                   A       B       C       D       E      F
               +-------+-------+-------+-------+-------+----------------------
         Total | 100.0 | 100.0 | 100.0 | 100.0 | 100.0 | 1571.6
       Dungeon |  69.0 |  68.1 | 100.0 |  84.6 |  37.7 | 949.0
          Lair |   7.9 |   8.3 |   0.0 |   0.0 |  22.3 | 2799.5
  Orcish Mines |  18.6 |  18.8 |   0.0 |  15.4 |  39.5 | 4964.5
         Sewer |   4.5 |   4.7 |   0.0 |   0.0 |   0.5 | 128.0
               +-------+-------+-------+-------+-------+----------------------

Action                   |  1- 3 |  4- 6 |  7- 9 | 10-12 || total
-------------------------+-------+-------+-------+-------++-------
Melee: Dagger            |    27 |    71 |   226 |   413 ||   737
       Tentacles         |     3 |     9 |    54 |    81 ||   147
       Constrict         |     6 |    16 |    36 |    75 ||   133
       Short sword       |       |       |       |    15 ||    15
Throw: Dart              |       |       |    26 |    96 ||   122
 Cast: Magic Dart        |    65 |    99 |   124 |    43 ||   331
       Ozocubu's Armour  |       |       |    13 |    15 ||    28
       Mephitic Cloud    |       |       |    13 |    83 ||    96
       Blink             |       |       |     1 |     4 ||     5
       Ignite Poison     |       |       |       |    36 ||    36
Invok: Call Merchant     |       |       |       |     1 ||     1
Evoke: Wand              |       |       |       |     6 ||     6
  Use: Scroll            |       |     5 |     4 |     4 ||    13
       Potion            |       |       |     2 |     3 ||     5
 Stab: Sleeping          |     3 |     3 |    15 |     8 ||    29
       Confused          |       |       |     5 |    22 ||    27
       Distracted        |       |       |       |     1 ||     1
Armor: Skin              |       |     4 |    35 |    94 ||   133
Dodge: Dodged            |    10 |    46 |   152 |   301 ||   509

Vanquished Creatures
  3 ettins (Orc:2)
  A two-headed ogre (D:9)
  Pikel (D:8)
  8 cyclopes (Orc:2)
  A black mamba (Lair:1)
  5 cane toads
  A komodo dragon (Lair:2)
  2 trolls (Orc:2)
  5 blink frogs (Lair:1)
  A hornet (D:5)
  A redback (Lair:2)
  4 wyverns
  3 yaks (D:8)
  3 basilisks
  A steam dragon (D:8)
  2 wargs (Orc:2)
  An acid dragon (D:8)
  4 water moccasins
  A swamp drake (D:8)
  2 sky beasts (D:7)
  11 orc warriors
  A necrophage (D:6)
  5 ogres
  5 wolves (Lair:1)
  4 centaurs
  3 kobold brigands
  3 bullfrogs
  3 gnoll sergeants
  A scorpion (D:6)
  A wyvern skeleton (D:5)
  4 killer bees (D:10)
  4 wights (D:7)
  3 howler monkeys (D:9)
  4 electric eels
  A centaur zombie (D:8)
  6 hounds
  A bullfrog skeleton (D:5)
  10 orc priests
  3 gnoll shamans
  5 jellies
  3 centaur skeletons
  An iguana (D:5)
  10 orc wizards
  A killer bee zombie (D:7)
  29 gnolls
  3 adders (D:3)
  A river rat (Sewer)
  2 worms
  2 dart slugs
  43 orcs
  4 ball pythons
  6 bats
  4 endoplasms
  2 giant cockroaches
  5 goblins
  8 hobgoblins
  4 jackals
  A frilled lizard (D:2)
  21 kobolds
  10 rats
288 creatures vanquished.

Vanquished Creatures (collateral kills)
  A hound (D:5)
1 creature vanquished.

Vanquished Creatures (others)
  A killer bee (D:10)
  27 fungi
  71 plants
99 creatures vanquished.

Grand Total: 388 creatures vanquished
